 Dungeon Crawl Stone Soup version 0.27-a0-1559-g299f9947c5 (webtiles) character file.

Game seed: 9175993719841210353

6 HAL9000 the Sneak (level 1, -1/11 HPs)
             Began as a Vine Stalker Brigand on July 16, 2021.
             Slain by a hobgoblin (2 damage)
             ... on level 1 of the Dungeon.
             The game lasted 00:00:06 (183 turns).

HAL9000 the Sneak (Vine Stalker Brigand)             Turns: 183, Time: 00:00:07

Health: -1/11      AC:  3    Str: 13    XL:     1   Next: 90%
Magic:  0/2        EV: 11    Int: 11    God:
Gold:   7          SH:  0    Dex: 15    Spells: 0/0 levels left

rFire    . . .     SeeInvis .   a - +2 dagger
rCold    . . .     Faith    .   (no shield)
rNeg     . . .     Spirit   +   b - +0 robe
rPois    .         Reflect  .   (no helmet)
rElec    .         Harm     .   c - +0 cloak
rCorr    .         Rampage  .   (no gloves)
Will     .....                  (no boots)
Stlth    +++.......             (no amulet)
HPRegen  0.03/turn              (no ring)
MPRegen  0.08/turn              (no ring)

@: no status effects
A: fangs 2, magic shield, antimagic bite, no potion heal 2
a: no special abilities


You were on level 1 of the Dungeon.
You visited 1 branch of the dungeon, and saw 1 of its levels.

You collected 7 gold pieces.

Inventory:

Hand Weapons
 a - a +2 dagger (weapon)
Missiles
 d - 8 poisoned darts (quivered)
 e - 2 curare-tipped darts
Armour
 b - a +0 robe (worn)
 c - a +0 cloak (worn)
Scrolls
 f - a scroll of teleportation {unknown}


   Skills:
 - Level 1.7 Fighting
 - Level 1.7 Short Blades
 - Level 1.7 Throwing
 - Level 0.7 Dodging
 + Level 5.3 Stealth


You couldn't memorise any spells.
You didn't know any spells.
Your spell library was empty.

Dungeon Overview and Level Annotations

Branches:
Dungeon (1/15)

Altars:


Innate Abilities, Weirdness & Mutations

You have extremely sharp teeth.
When hurt, damage is shared between your health and your magic reserves.
Your bite disrupts and absorbs the magic of your enemies.
Potions cannot restore your health.


Message History

The hobgoblin hits you. The jackal closely misses you.
The jackal barks!
You hit the jackal.
You kill the jackal!
A jackal comes into view.
The hobgoblin hits you.
You barely miss the hobgoblin. Your bite misses the hobgoblin.
The hobgoblin barely misses you.
You hit the hobgoblin.
You bite the hobgoblin, but do no damage.
The hobgoblin is lightly wounded.
The hobgoblin closely misses you.
You hit the hobgoblin but do no damage.
You bite the hobgoblin, but do no damage.
The hobgoblin is lightly wounded.
The hobgoblin barely misses you. The rat barely misses you.
You closely miss the jackal. The jackal barely misses you.
You hit the jackal.
The jackal is heavily wounded.
The jackal closely misses you.
You barely miss the jackal. Your bite misses the jackal.
The jackal is heavily wounded.
The jackal misses you. The jackal bites you.
You hit the jackal.
You kill the jackal!
You are too injured to fight recklessly!
You closely miss the hobgoblin.
You bite the hobgoblin, but do no damage.
The hobgoblin is lightly wounded.
The hobgoblin hits you.
* * * LOW HITPOINT WARNING * * *
You are too injured to fight recklessly!
You completely miss the hobgoblin.
The hobgoblin is lightly wounded.
The hobgoblin misses you.
You are too injured to fight recklessly!
You barely miss the hobgoblin. Your bite misses the hobgoblin.
The hobgoblin is lightly wounded.
The hobgoblin hits you.
You die...

.#. #...
....###### ##
.........# ..#
.........#####...#
.......h...#......
.....(...rh.......
######..#g#.?....
#..#@# #...#
#..#.# ..#
.#######.#.# #
.........#.#
########...###..
#.......#.
#####...###...
#..)..........
#.###...####. #


You could see a jackal, a hobgoblin and a rat.

Vanquished Creatures
  A goblin (D:1)
  A hobgoblin (D:1)
  2 jackals (D:1)
  A rat (D:1)
5 creatures vanquished.

Notes
Turn   | Place    | Note
-------+----------+-------------------------------------------
     0 | D:1      | HAL9000 the Vine Stalker Brigand began the quest for the
                  | Orb.
     0 | D:1      | Reached XP level 1. HP: 11/11 MP: 2/2
   148 | D:1      | Reached skill level 5 in Stealth
   183 | D:1      | Slain by a hobgoblin

Illustrated notes

Levels and vault maps discovered:
D:1:      dpeg_arrival_signposts, layout_loops_ring,
          hellmonk_ecumenical_altar_inner_sanctum, nrook_mini_vaults

Skill      XL: |  1 |
---------------+----+-----
Stealth        | 5 |  5.3
Fighting       | |  1.7
Short Blades   | |  1.7
Throwing       | |  1.7
Dodging        | |  0.7

Action                   || total
-------------------------++-------
Melee: Dagger            ||    18
       Bite              ||     5
Armor: Robe              ||     2
Dodge: Dodged            ||    10

Table legend: (Time is in decaauts)
 A = Elapsed time spent in this place.
 B = Non-inter-level travel time spent in this place.
 C = Inter-level travel time spent in this place.
 D = Time resting spent in this place.
 E = Time spent auto-exploring this place.
 F = Levels seen in this place.
 G = Mean time per level.
                   A        B        C        D        E       F      G
               +--------+--------+--------+--------+--------+-----+--------+
         Total |    181 |    181 |      0 |      0 |    150 |   1 |  181.0 |
       Dungeon |    181 |    181 |      0 |      0 |    150 |   1 |  181.0 |
               +--------+--------+--------+--------+--------+-----+--------+

Top non-repeatable levels by time:
     D:1: 181 daAuts
